 Dungeon Crawl Stone Soup version 0.31-a0-424-g41b3b0883d (webtiles) character file.

Game seed: 11943823363667921314

89 Bnni the Shooter (level 4, -2/28 HPs)
             Began as a Tengu Hunter on July 30, 2023.
             Slain by Ijyb
             ... wielding a +0 club
              (5 damage)
             ... on level 4 of the Dungeon.
             The game lasted 00:03:41 (2163 turns).

Bnni the Shooter (Tengu Hunter)                     Turns: 2163, Time: 00:03:42

Health: -2/28      AC: -7    Str: 11    XL:     4   Next: 55%
Magic:  5/5        EV: 12    Int: 10    God:
Gold:   42         SH:  0    Dex: 19    Spells: 3/3 levels left

rFire   . . .        a - +0 shortbow
rCold   . . .        (shield currently unavailable)
rNeg    . . .        c - +0 leather armour
rPois   +            (helmet restricted)
rElec   .            o - +1 cloak {rPois}
rCorr   .            (no gloves)
SInv    .            (boots unavailable)
Will    .....        (no amulet)
Stlth   ++           (no ring)
HPRegen 0.24/turn    (no ring)
MPRegen 0.09/turn

%: no passive effects
@: corroded
A: beak, talons 3
a: no special abilities


You were on level 4 of the Dungeon.
You visited 1 branch of the dungeon, and saw 4 of its levels.

You collected 177 gold pieces.
You spent 135 gold pieces at shops.

Inventory:

Hand Weapons
 a - a +0 shortbow (weapon)
Missiles
 f - 6 poisoned darts
Armour
 c - a +0 leather armour (worn)
 o - a +1 cloak of poison resistance (worn)
Scrolls
 b - a scroll of butterflies
 e - a scroll of blinking {unknown}
 g - 3 scrolls of identify {unknown}
 h - a scroll of revelation {unknown}
 i - a scroll of fog {unknown}
 j - a scroll of enchant weapon {unknown}
Potions
 d - 4 potions of curing {unknown}
 k - 2 potions of mutation {unknown}
 l - 2 potions of heal wounds {unknown}
 m - a potion of might {unknown}
 n - a potion of brilliance {unknown}
 p - a potion of resistance {unknown}


   Skills:
 + Level 3.0 Fighting
 * Level 5.8 Ranged Weapons
 - Level 2.1 Dodging
 - Level 1.0 Stealth


You had 3 spell levels left.
You didn't know any spells.
Your spell library contained the following spells:

 Spells                   Type           Power      Damage    Failure   Level
 Ensorcelled Hibernation  Hex/Ice        0%         N/A       58%         2
 Inner Flame              Hex/Fire       0%         N/A       83%         3
 Anguish                  Hex/Necr       0%         N/A       99%         4
 Yara's Violent Unravell  Hex/Tmut       0%         3d3       100%        5
 Enfeeble                 Hex            0%         N/A       100%        7


Dungeon Overview and Level Annotations

Branches:
Dungeon (4/15)
 Temple: D:4-7

Altars:
Cheibriados
Dithmenos
Elyvilon
Gozag
Qazlal
Ru
Wu Jian

Shops:
D:2 =   D:3 [=

Annotations:
D:4 Ijyb


Innate Abilities, Weirdness & Mutations

You have a beak for a mouth.
You have claws for feet.


Message History

There is a stone staircase leading down here.
You start resting.
HP restored.
You climb downwards.
Level annotation: Ijyb
There is a stone staircase leading up here.
You shoot an arrow.
Ijyb shouts!
The arrow hits Ijyb but does no damage.
Ijyb is lightly wounded.
You shoot an arrow. The arrow barely misses Ijyb.
You shoot an arrow. The arrow hits Ijyb.
Ijyb is moderately wounded.
Ijyb zaps a wand.
The bolt of acid hits you. The acid corrodes you!
You shoot an arrow. The arrow hits Ijyb but does no damage.
Ijyb is moderately wounded.
You shoot an arrow. The arrow closely misses Ijyb.
You shoot an arrow. The arrow closely misses Ijyb.
Ijyb zaps a wand.
The bolt of acid hits you! The acid corrodes you!
You don't have any such object.
Fire/throw/use which item? ([*] to toss any item) (? for menu, Esc to quit)
Huh?
Fire/throw/use which item? ([*] to toss any item) (? for menu, Esc to quit)
You don't have any such object.
Fire/throw/use which item? ([*] to toss any item) (? for menu, Esc to quit)
Okay, then.
You shoot an arrow. The arrow misses Ijyb.
Ijyb barely misses you.
You shoot an arrow. The arrow hits Ijyb but does no damage.
Ijyb is moderately wounded.
Ijyb hits you with a +0 club!
You shoot an arrow. The arrow hits Ijyb.
Ijyb is moderately wounded.
Ijyb zaps a wand.
The bolt of acid hits you!
* * * LOW HITPOINT WARNING * * *
The acid corrodes you!
You shoot an arrow. The arrow closely misses Ijyb.
Ijyb barely misses you.
You shoot an arrow. The arrow hits Ijyb but does no damage.
Ijyb is moderately wounded.
Ijyb closely misses you. Ijyb hits you with a +0 club.
You die...

#.........###.#.#
#..>......# #.# #
#....###### #.#
#....# #.#
#....########.#
#.............#
#....########
#g#### #@# ###


You could see Ijyb.

Vanquished Creatures
  2 adders
  2 worms (D:2)
  7 endoplasms
  3 giant cockroaches
  5 goblins
  7 hobgoblins
  A quokka (D:1)
  8 ball pythons
  2 bats
  4 frilled lizards
  7 kobolds
  10 rats
58 creatures vanquished.

Vanquished Creatures (others)
  An adder (D:4)
1 creature vanquished.

Grand Total: 59 creatures vanquished

Notes
Turn   | Place    | Note
-------+----------+-------------------------------------------
     0 | D:1      | Bnni the Tengu Hunter began the quest for the Orb.
     0 | D:1      | Reached XP level 1. HP: 12/12 MP: 2/2
    74 | D:1      | Reached XP level 2. HP: 17/17 MP: 3/3
   239 | D:1      | Reached skill level 5 in Ranged Weapons
   288 | D:1      | Reached XP level 3. HP: 22/22 MP: 4/4
   837 | D:2      | Found Xarcha Woid's Jewellery Shop.
  1185 | D:2      | Reached XP level 4. HP: 27/27 MP: 5/5
  1310 | D:3      | Found Inomegocon's Jewellery Emporium.
  1369 | D:3      | Found Curoced's Armour Emporium.
  1375 | D:3      | Bought a +1 cloak of poison resistance for 135 gold pieces
  1467 | D:3      | Found an ornate altar of the Wu Jian Council.
  1475 | D:3      | Found a stormy altar of Qazlal.
  1478 | D:3      | Found a white marble altar of Elyvilon.
  1478 | D:3      | Found an opulent altar of Gozag.
  1478 | D:3      | Found a snail-covered altar of Cheibriados.
  1480 | D:3      | Found a shadowy altar of Dithmenos.
  1480 | D:3      | Found a sacrificial altar of Ru.
  1873 | D:4      | Noticed Ijyb
  2163 | D:4      | Slain by Ijyb

Illustrated notes

Levels and vault maps discovered:
D:1:      lightli_arrival_flooded_house, layout_loops_ring, minmay_tetromino_s2
D:2:      layout_basic, serial_shops, shop
D:3:      layout_basic, grunt_temple_overflow_open, serial_shops, shop, shop
D:4:      nicolae_cairo_tiling_large, layout_basic, nrook_loot_triangle,
          nicolae_shop_unique_rings, chequers_decorated_corner, uniq_ijyb

Skill      XL: |  1  2  3  4 |
---------------+-------------+-----
Ranged Weapons | 5 |  5.8
Fighting       | 3 |  3.0
Dodging        | |  2.1
Stealth        | |  1.0

Action                     |  1- 3 |  4- 6 || total
---------------------------+-------+-------++-------
   Fire: Shortbow          |   100 |    86 ||   186
  Evoke: Wand              |       |     7 ||     7
 Armour: Leather armour    |     2 |     8 ||    10
  Dodge: Dodged            |     9 |    23 ||    32

Table legend: (Time is in decaauts)
 A = Elapsed time spent in this place.
 B = Non-inter-level travel time spent in this place.
 C = Inter-level travel time spent in this place.
 D = Time resting spent in this place.
 E = Time spent auto-exploring this place.
 F = Levels seen in this place.
 G = Mean time per level.
                   A        B        C        D        E       F      G
               +--------+--------+--------+--------+--------+-----+--------+
         Total |   2198 |   2130 |     68 |    191 |   1542 |   4 |  549.5 |
       Dungeon |   2198 |   2130 |     68 |    191 |   1542 |   4 |  549.5 |
               +--------+--------+--------+--------+--------+-----+--------+

Top non-repeatable levels by time:
     D:3: 676 daAuts
     D:2: 648 daAuts
     D:1: 635 daAuts
     D:4: 237 daAuts
